 Dungeon Crawl Stone Soup version 0.20.0 (webtiles) character file.

12121 Llamajah the Cleaver (level 11, -5/150 HPs)
             Began as a Hill Orc Berserker on July 28, 2017.
             Was a High Priest of Trog.
             Killed by mirror damage (8 damage)
             ... on level 11 of the Dungeon.
             The game lasted 00:32:42 (9499 turns).

Llamajah the Cleaver (Hill Orc Berserker)           Turns: 9499, Time: 00:32:42

Health: -5/150     AC: 15    Str: 26    XL:     11   Next: 88%
Magic:  3/3        EV: 12    Int:  7    God:    Trog [*****.]
Gold:   275        SH:  0    Dex: 13    Spells: 10/10 levels left

rFire    + . .     SeeInvis .   U - +3 executioner's axe (antimagic)
rCold    . . .     Gourm    .   (shield currently unavailable)
rNeg     . . .     Faith    +   P - +0 chain mail {rF+}
rPois    .         Spirit   .   n - +0 helmet
rElec    .         Reflect  .   I - +0 cloak
rCorr    .         Harm     .   K - +0 pair of gloves
MR       .....                  (no boots)
Stlth    ..........             D - amulet of faith
Regen    0.4/turn               R - ring of stealth
MPRegen  0.1/turn               (no ring)

@: mighty, berserking (expiring), very quick
A: no striking features
a: Berserk, Trog's Hand, Brothers in Arms, Burn Spellbooks, Renounce Religion


You were on level 11 of the Dungeon.
You worshipped Trog.
Trog was extremely pleased with you.
You were hungry.

You visited 1 branch of the dungeon, and saw 11 of its levels.
You also visited: Sewer.

You collected 915 gold pieces.
You spent 640 gold pieces at shops.

Inventory:

Hand Weapons
 E - a +0 arbalest
 L - a +0 dire flail
 U - a +3 antimagic executioner's axe (weapon)
 Z - a +1 scimitar of flaming
Missiles
 g - 109 bolts
Armour
 n - a +0 helmet (worn)
 v - a +1 ring mail of cold resistance
 I - a +0 cloak (worn)
 K - a +0 pair of gloves (worn)
 P - a +0 chain mail of fire resistance (worn)
Jewellery
 p - an uncursed amulet of regeneration
 D - an amulet of faith (around neck)
 R - a ring of stealth (left hand)
Wands
 z - a wand of digging (10/24)
 F - a wand of iceblast (4/15)
 S - a wand of lightning (8/15)
 T - a wand of flame (20/48)
 W - a wand of lightning (9/15)
Scrolls
 b - 2 scrolls of recharging {unknown}
 d - 4 scrolls of remove curse {unknown}
 e - a scroll of noise {unknown}
 h - 3 scrolls of enchant armour {unknown}
 j - 4 scrolls of immolation {unknown}
 m - a scroll of vulnerability {unknown}
 s - 7 scrolls of teleportation {unknown}
 x - 3 scrolls of fear {unknown}
 A - a scroll of magic mapping {unknown}
 B - a scroll of random uselessness {unknown}
 C - 2 scrolls of blinking {unknown}
 O - 2 scrolls of amnesia {unknown}
 X - a scroll of fog {unknown}
Potions
 a - 2 potions of flight
 i - 2 potions of curing
 k - a potion of ambrosia
 l - a potion of cancellation
 r - a potion of mutation
 t - 2 potions of agility
 u - a potion of haste
 Q - a potion of magic
 V - a potion of brilliance
Comestibles
 c - 11 bread rations
 f - 10 meat rations
 J - 11 fruits
 N - 2 royal jellies
 Y - 5 chunks of flesh


   Skills:
 + Level 10.2 Fighting
 * Level 14.2 Axes
 + Level 5.9 Crossbows
 + Level 8.7 Armour
 + Level 6.8 Dodging


You had 10 spell levels left.
You didn't know any spells.

Dungeon Overview and Level Annotations

Branches:
Dungeon (11/15)            Temple (0/1) D:7            Lair (0/6) D:11
    Orc: D:9-12

Altars:
Kikubaaqudgha
Vehumet
Zin

Shops:
D:8 =   D:10 *


Message History

Some of the chunks of flesh in your inventory have rotted away.
You slash the death knight!
The death knight is severely wounded.
The death knight reflects your damage back at you!
* * * LOW HITPOINT WARNING * * *
The death knight calls down the wrath of Yredelemnul upon you.
You struggle to resist.
The phantom blinks!
You slash the death knight!
The death knight is almost dead.
The death knight reflects your damage back at you!
* * * LOW HITPOINT WARNING * * *
The death knight hits you but does no damage.
You closely miss the death knight.
The death knight is almost dead.
You slash the phantom!
The phantom's magic leaks into the air.
You open the death knight like a pillowcase!!!
You kill the death knight!
Trog accepts your kill.
You miss the phantom.
Your damage is reflected back at you!
You die...

W..#..'.#
#!###.'.#
Z.y#..'W# #.#
##.# #O.# # #.##
# #
####.########....
#
#.....WO)@W......
#
#.###########.###
##### #.# ....#
#.# ###.####.#
....<....#
.........#
##.#####.# ##.#
#>#


You could see a phantom, a hungry ghost and an ogre.

Vanquished Creatures
  Erolcha (D:11)
  Erica (D:9)
  A death knight (D:11)
  3 two-headed ogres
  A tengu warrior (D:10)
  Pikel (D:6)
  3 trolls
  Grinder (D:3)
  Sigmund (D:6)
  A wyvern (D:10)
  Eustachio (D:4)
  2 hungry ghosts
  A hell hound (D:11)
  A water moccasin (D:7)
  5 sky beasts
  5 orc warriors
  A slave (D:6)
  4 phantoms
  3 ice beasts
  4 ogres
  A crocodile (D:10)
  4 centaurs
  8 bullfrogs
  A water moccasin zombie (D:8)
  3 scorpions
  8 killer bees
  5 wights (D:7)
  A howler monkey (D:11)
  7 crimson imps
  A bullfrog zombie (D:8)
  2 bullfrog skeletons
  8 orc priests
  5 hounds
  A jelly (D:6)
  3 centaur skeletons
  2 iguanas
  14 orc wizards
  10 worker ants
  A killer bee zombie (D:4)
  A worker ant zombie (D:8)
  A gnoll (D:1)
  19 adders
  2 river rats (D:3)
  A shadow imp (D:6)
  An ooze (D:1)
  An adder skeleton (D:6)
  An adder zombie (D:6)
  4 worms (D:3)
  4 dart slugs
  12 leopard geckos
  38 orcs
  7 giant cockroaches
  11 goblins
  6 hobgoblins
  8 jackals
  9 kobolds
  4 quokkas
  3 ball pythons
  9 bats
  9 frilled lizards
  A jackal skeleton (D:6)
  A quokka skeleton (D:8)
  7 rats
286 creatures vanquished.

Vanquished Creatures (others)
  3 jackals (D:6)
3 creatures vanquished.

Grand Total: 289 creatures vanquished

Notes
Turn   | Place    | Note
-------+----------+-------------------------------------------
     0 | D:1      | Llamajah the Hill Orc Berserker began the quest for the Orb.
     0 | D:1      | Reached XP level 1. HP: 19/19 MP: 1/1
   268 | D:1      | Reached XP level 2. HP: 17/27 MP: 2/2
   527 | D:1      | Reached XP level 3. HP: 18/33 MP: 3/3
   971 | D:1      | Reached ** piety under Trog
  1423 | D:2      | Reached XP level 4. HP: 40/40 MP: 4/4
  1696 | D:2      | Reached skill level 5 in Axes
  2038 | D:3      | Reached XP level 5. HP: 40/46 MP: 5/5
  2112 | D:3      | Found a glowing drain.
  2118 | Sewer    | Entered a sewer
  2136 | Sewer    | Reached *** piety under Trog
  2398 | Sewer    | Reached skill level 6 in Axes
  2398 | Sewer    | Reached XP level 6. HP: 53/53 MP: 6/6
  2780 | D:3      | Reached skill level 5 in Fighting
  2835 | D:3      | Noticed Grinder
  2847 | D:3      | Paralysed by Grinder for 4 turns
  2854 | D:3      | Killed Grinder
  2854 | D:3      | Reached skill level 7 in Axes
  2854 | D:3      | Reached XP level 7. HP: 43/61 MP: 7/7
  3029 | D:3      | Reached **** piety under Trog
  3257 | D:4      | Found a glowing silver altar of Zin.
  3322 | D:4      | Reached skill level 8 in Axes
  3469 | D:4      | Reached XP level 8. HP: 67/70 MP: 8/8
  3755 | D:4      | Noticed Eustachio
  3772 | D:4      | Killed Eustachio
  3878 | D:5      | Entered Level 5 of the Dungeon
  3957 | D:5      | Reached skill level 9 in Axes
  3957 | D:5      | Reached skill level 5 in Armour
  4012 | D:5      | Reached skill level 1 in Crossbows
  4716 | D:6      | Noticed a two-headed ogre
  4724 | D:6      | Killed a two-headed ogre
  4724 | D:6      | Reached skill level 10 in Axes
  4724 | D:6      | Reached XP level 9. HP: 48/79 MP: 9/9
  4829 | D:6      | Reached ***** piety under Trog
  4837 | D:6      | Reached skill level 11 in Axes
  4948 | D:6      | Noticed Pikel
  4966 | D:6      | Killed Pikel
  4966 | D:6      | Reached skill level 5 in Dodging
  5044 | D:6      | Reached XP level 10. HP: 85/88 MP: 10/10
  5126 | D:6      | Noticed Sigmund
  5135 | D:6      | Killed Sigmund
  5390 | D:7      | Found a staircase to the Ecumenical Temple.
  5773 | D:7      | Reached skill level 12 in Axes
  6171 | D:8      | Found an ancient bone altar of Kikubaaqudgha.
  6332 | D:8      | Received a gift from Trog
  6353 | D:8      | Noticed a two-headed ogre
  6361 | D:8      | Killed a two-headed ogre
  6382 | D:8      | Noticed a two-headed ogre
  6395 | D:8      | Killed a two-headed ogre
  6514 | D:8      | Found Fulaih's Jewellery Shop.
  6522 | D:8      | Bought an uncursed amulet of faith for 640 gold pieces
  6800 | D:8      | Reached skill level 13 in Axes
  6914 | D:8      | Reached XP level 11. HP: 92/97 MP: 11/11
  7233 | D:9      | Found a radiant altar of Vehumet.
  7307 | D:9      | Received a gift from Trog
  7347 | D:9      | Reached skill level 5 in Crossbows
  8118 | D:10     | Entered Level 10 of the Dungeon
  8118 | D:10     | Found Gupnexteqi's Elemental Accessories.
  8118 | D:10     | Noticed Erica
  8137 | D:9      | Killed Erica
  8655 | D:10     | Noticed a tengu warrior
  8672 | D:10     | Killed a tengu warrior
  9214 | D:11     | Found a staircase to the Lair.
  9301 | D:11     | Received a gift from Trog
  9322 | D:11     | Reached skill level 10 in Fighting
  9370 | D:11     | Noticed Erolcha
  9384 | D:11     | Killed Erolcha
  9384 | D:11     | Reached skill level 14 in Axes
  9477 | D:11     | Noticed a death knight
  9478 | D:11     | Noticed a two-headed ogre
  9497 | D:11     | HP: 2/148 [mirror damage (9)]
  9499 | D:11     | Killed a death knight
  9499 | D:11     | Killed by mirror damage

Skill      XL: |  1  2  3  4  5  6  7  8  9 10 11 |
---------------+----------------------------------+-----
Fighting       | 4 5 7 9 10 | 10.2
Dodging        | 2 3 4 5 6 |  6.8
Armour         | 3 4 6 7 8 |  8.7
Axes           | 5 6 7 8 10 11 13 14 | 14.2
Crossbows      | 2 3 4 5 |  5.9

Action                   |  1- 3 |  4- 6 |  7- 9 | 10-12 || total
-------------------------+-------+-------+-------+-------++-------
Melee: Hand axe          |   101 |   215 |   269 |    78 ||   663
       Battleaxe         |       |       |       |   122 ||   122
       Executioner's axe |       |       |       |   213 ||   213
Invok: Berserk           |     1 |     3 |     4 |    11 ||    19
       Burn Spellbooks   |       |     1 |       |     1 ||     2
  Use: Potion            |       |       |       |     4 ||     4
       Scroll            |       |       |       |    12 ||    12
 Stab: Sleeping          |     3 |       |       |       ||     3
  Eat: Chunk             |     2 |     8 |    12 |    23 ||    45
       Fruit             |       |       |       |     3 ||     3
       Royal jelly       |       |       |       |     1 ||     1
Armor: Animal skin       |    19 |    29 |       |       ||    48
       Scale mail        |       |    13 |    30 |       ||    43
       Ring mail         |       |       |    28 |       ||    28
       Chain mail        |       |       |       |   247 ||   247
Dodge: Dodged            |    67 |   124 |   112 |   243 ||   546
